 Dungeon Crawl Stone Soup version 0.25-a0-316-gd28d56f9c5 (webtiles) character file.

Game seed: 13799923845765405147, levelgen mode: classic

90326 Borgoz the Cleaver (level 16, -6/103 HPs)
             Began as a Gargoyle Berserker on Dec 24, 2019.
             Was a High Priest of Trog.
             Mangled by a two-headed ogre
             ... wielding a +0 giant club
              (13 damage)
             ... on level 2 of the Orcish Mines.
             The game lasted 01:01:20 (24209 turns).

Borgoz the Cleaver (Gargoyle Berserker)            Turns: 24209, Time: 01:01:21

Health: -6/103     AC: 30    Str: 32    XL:     16   Next: 0%
Magic:  16/16      EV: 19    Int: 10    God:    Trog [*****.]
Gold:   2743       SH:  0    Dex: 14    Spells: 15/15 levels left

rFire    . . .     SeeInvis .   a - +5 executioner's axe (chop)
rCold    + . .     Gourm    .   (shield currently unavailable)
rNeg     + . .     Faith    .   O - +2 scale mail {rC+}
rPois    ∞         Spirit   .   R - +2 hat
rElec    +         Reflect  .   w - +0 cloak
rCorr    .         Harm     .   r - +0 pair of gloves
MR       +....                  J - +0 pair of boots
Stlth    ..........             (no amulet)
HPRegen  0.27/turn              K - +5 ring of strength
MPRegen  0.15/turn              S - +6 ring of strength

@: flying
A: big wings, negative energy resistance 1, electricity resistance, unbreathing,
petrification resistance, rot immunity, AC +12
a: Stop Flying, Berserk, Trog's Hand, Brothers in Arms, Renounce Religion


You were on level 2 of the Orcish Mines.
You worshipped Trog.
Trog was extremely pleased with you.
You were not hungry.

You visited 3 branches of the dungeon, and saw 23 of its levels.
You also visited: Sewer, Ossuary and Ice Cave.

You collected 2989 gold pieces.
You spent 246 gold pieces at shops.

Inventory:

Hand Weapons
 a - a +5 executioner's axe of chopping (weapon)
 b - a +0 battleaxe of flaming
Missiles
 D - a throwing net (quivered)
Armour
 r - a +0 pair of gloves (worn)
 w - a +0 cloak (worn)
 J - a +0 pair of boots (worn)
 O - a +2 scale mail of cold resistance (worn)
 R - a +2 hat (worn)
Jewellery
 k - the ring "Pyra" {Wiz rC+ Int+5}
   (You bought it in a shop on level 8 of the Dungeon)

   [ring of wizardry]

   It improves your spell success rate.
   It affects your intelligence (+5).
   It protects you from cold.
 p - an uncursed ring of fire
 K - a +5 ring of strength (left hand)
 Q - an uncursed ring of protection from cold
 S - a +6 ring of strength (right hand)
 U - an uncursed ring of see invisible
Wands
 I - a wand of iceblast (45)
 M - a wand of digging (29)
 W - a wand of scattershot (9)
Scrolls
 h - 4 scrolls of fog
 o - 3 scrolls of teleportation
 t - 2 scrolls of blinking
 u - 2 scrolls of fear
 x - 10 scrolls of remove curse
 y - a scroll of magic mapping
 E - a scroll of identify
 L - a scroll of acquirement
Potions
 d - 4 potions of resistance
 e - 3 potions of heal wounds
 g - 11 potions of curing
 i - 2 potions of invisibility
 j - 2 potions of cancellation
 l - 2 potions of might
 q - 4 potions of agility
 z - 3 potions of haste
 F - a potion of ambrosia
 G - 3 potions of berserk rage
Comestibles
 c - 37 rations
 f - a chunk of flesh


   Skills:
 + Level 12.8 Fighting
 * Level 14.7 Axes
 + Level 12.6 Armour
 * Level 13.6 Dodging


You had 15 spell levels left.
You didn't know any spells.
Your spell library was empty.

Dungeon Overview and Level Annotations

Branches:
Dungeon (15/15)            Temple (0/1) D:5            Lair (6/6) D:10
  Swamp (0/4) Lair:4        Snake (0/4) Lair:4        Slime (0/5) Lair:5
    Orc (2/2) D:12         Vaults (0/5) D:14         Depths (0/5) D:15
  Sewer (visited)         Ossuary (visited)           IceCv (visited)
    Elf: Orc:2

Altars:
Elyvilon
Gozag
Makhleb
Nemelex Xobeh
Qazlal
Ru
Sif Muna
Trog
Uskayaw
Vehumet
Xom
Yredelemnul
Zin
Beogh

Shops:
D:8 =*}   D:11 (   D:12 ?


Innate Abilities, Weirdness & Mutations

You are resistant to torment.
Your stone body is resilient. (AC +12)
You are immune to poison.
Your large and strong wings let you fly indefinitely.
You resist negative energy. (rN+)
You are resistant to electric shocks. (rElec)
You can survive without breathing.
You are immune to petrification.
You are immune to rotting.


Message History

Unknown command.
You hit the two-headed ogre.
The two-headed ogre is severely wounded.
Your skin stops crawling.
You feel less resistant to hostile enchantments.
The two-headed ogre completely misses you.
The two-headed ogre hits you but does no damage.
Unknown command.
You barely miss the two-headed ogre.
The two-headed ogre is severely wounded.
The two-headed ogre closely misses you.
The two-headed ogre hits you but does no damage.
An ogre comes into view. It is wielding a +0 giant spiked club.
Unknown command.
You hit the two-headed ogre.
The two-headed ogre is almost dead.
The two-headed ogre hits you with a +0 giant club.
* * * LOW HITPOINT WARNING * * *
The two-headed ogre hits you with a +0 giant club!
You die...

..$...................#
..................)...#
.....................##
.....................##
........).............#
.......)).............#
........))............#
####.))).............#
##)@)............##
#)O)............##
#................#
.O................#
..................##
.O..#................#
O..##...............##
.####................#
###.................#


You could see a two-headed ogre and an ogre.

Vanquished Creatures
  Rupert (D:12)
  Jorgrun (Orc:1)
  The ghost of Rooheesk the Severer, a journeyman DDGl of Makhleb (Lair:4)
  A dire elephant (D:15)
  The ghost of night the Grappler, a journeyman TrFi of Nemelex Xobeh (D:10)
  A fire dragon (Lair:6)
  2 ice dragons (IceCv)
  Fannar (D:10)
  A yaktaur captain (D:14)
  10 hydras
  4 centaur warriors
  Erica (D:10)
  A catoblepas (Lair:5)
  3 ogre magi
  14 two-headed ogres
  9 death yaks
  A tengu warrior (D:15)
  Urug (D:10)
  An unseen horror (D:10)
  A swamp dragon (Lair:6)
  An orc knight (Orc:1)
  Pikel (D:8)
  A deep elf mage (D:13)
  2 orc sorcerers
  2 ugly things (D:13)
  4 cyclopes
  An oklob plant (D:10)
  2 manticores (D:15)
  Maurice (Orc:2)
  A salamander (D:15)
  8 elephants (Lair:6)
  6 black mambas
  2 ice statues (IceCv)
  7 spiny frogs
  A gargoyle (D:14)
  3 rime drakes
  2 kobold demonologists
  2 yaktaurs (D:14)
  9 komodo dragons
  A demonic crawler (Lair:3)
  A tengu conjurer (D:15)
  A polar bear (Lair:2)
  2 trolls
  A troll (shapeshifter) (D:14)
  2 merfolk
  A hornet (D:12)
  8 blink frogs (Lair:4)
  2 dream sheep (Lair:4)
  7 slime creatures (D:15)
  7 hippogriffs
  Sigmund (D:3)
  2 water elementals (D:15)
  2 wraiths
  23 yaks
  2 basilisks (Lair:6)
  6 steam dragons
  3 hungry ghosts
  3 acid dragons
  2 nagas (Lair:4)
  10 water moccasins
  5 swamp worms
  14 porcupines
  A swamp drake (Lair:6)
  16 orc warriors
  18 ice beasts
  4 black bears
  A sky beast (D:6)
  A hornet zombie (D:12)
  3 eyes of draining (D:14)
  4 slaves (D:8)
  5 phantoms
  32 ogres
  A necrophage (D:8)
  20 centaurs
  13 crocodiles
  3 big kobolds
  A gnoll sergeant (D:6)
  17 bullfrogs
  2 wyvern skeletons
  2 scorpions
  4 killer bees (D:9)
  9 wights
  4 howler monkeys
  An electric eel (D:15)
  10 crimson imps
  2 centaur zombies
  2 bullfrog zombies
  2 quasits
  3 bullfrog skeletons
  4 jellies
  4 centaur skeletons
  21 orc priests
  12 hounds
  17 orc wizards
  Terence (D:3)
  10 iguanas
  10 worker ants
  7 hell rats (Lair:1)
  A hound skeleton (D:10)
  A mummy (Ossuary)
  A worker ant zombie (D:11)
  16 gnolls
  21 river rats
  11 adders
  5 shadow imps
  9 white imps (Lair:5)
  An ooze (D:7)
  2 adder zombies
  3 adder skeletons
  7 worms
  2 dart slugs
  9 leopard geckos
  57 orcs
  A giant cockroach (D:2)
  7 goblins
  6 hobgoblins
  8 jackals
  20 kobolds
  14 quokkas
  3 bats
  2 frilled lizards
  9 gnoll skeletons (Ossuary)
  8 kobold skeletons (Ossuary)
  A leopard gecko skeleton (D:4)
  8 orc skeletons (Ossuary)
  2 quokka zombies
  19 rats
  A rat zombie (D:7)
  3 fungi
  30 plants
773 creatures vanquished.

Vanquished Creatures (collateral kills)
  2 cyclopes (D:13)
  A troll (D:13)
  An eye of draining (D:13)
  3 white imps (Lair:5)
7 creatures vanquished.

Vanquished Creatures (others)
  A yak (D:13)
  An orc wizard (Orc:1)
  4 plants
  4 toadstools (D:15)
10 creatures vanquished.

Grand Total: 790 creatures vanquished

Notes
Turn   | Place    | Note
-------+----------+-------------------------------------------
     0 | D:1      | Borgoz the Gargoyle Berserker began the quest for the Orb.
     0 | D:1      | Reached XP level 1. HP: 14/14 MP: 1/1
   331 | D:1      | Reached XP level 2. HP: 16/19 MP: 2/2
   561 | D:1      | Reached skill level 3 in Axes
   799 | D:2      | Reached XP level 3. HP: 15/23 MP: 3/3
  1011 | D:2      | Reached ** piety under Trog
  1561 | D:2      | Found a shimmering blue altar of Sif Muna.
  1664 | D:3      | Noticed Sigmund
  1716 | D:3      | Reached XP level 4. HP: 27/28 MP: 4/4
  1805 | D:4      | Reached XP level 5. HP: 18/33 MP: 5/5
  1811 | D:4      | Noticed a phantom
  1876 | D:4      | Killed a phantom
  1876 | D:4      | Reached skill level 4 in Axes
  1876 | D:4      | Reached XP level 6. HP: 28/38 MP: 6/6
  2119 | D:4      | Found a glowing drain.
  2126 | Sewer    | Entered a sewer
  2207 | Sewer    | Reached *** piety under Trog
  2207 | Sewer    | Reached XP level 7. HP: 44/44 MP: 7/7
  2242 | Sewer    | Found a white marble altar of Elyvilon.
  2869 | D:3      | Killed Sigmund
  2869 | D:3      | Reached skill level 5 in Axes
  3039 | D:3      | Noticed Terence
  3057 | D:3      | Killed Terence
  3213 | D:5      | Entered Level 5 of the Dungeon
  3245 | D:5      | Reached skill level 5 in Fighting
  3245 | D:5      | Reached XP level 8. HP: 49/49 MP: 8/8
  3717 | D:5      | Found a staircase to the Ecumenical Temple.
  3826 | D:5      | Found a sparkling altar of Nemelex Xobeh.
  3827 | D:5      | Found an opulent altar of Gozag.
  4259 | D:5      | Reached skill level 5 in Dodging
  4262 | D:5      | You fall into a shaft and drop 2 floors!
  4291 | D:7      | Reached skill level 6 in Axes
  4375 | D:7      | Reached skill level 5 in Armour
  4476 | D:7      | Found a sand-covered staircase.
  4488 | Ossuary  | Entered an ossuary
  4488 | Ossuary  | Noticed a wraith
  4488 | Ossuary  | Noticed a wraith
  4488 | Ossuary  | Noticed a wraith
  4504 | Ossuary  | Reached **** piety under Trog
  4655 | Ossuary  | Noticed a wraith
  4696 | Ossuary  | Killed a wraith
  4696 | Ossuary  | Reached XP level 9. HP: 55/55 MP: 9/9
  5257 | D:6      | Reached skill level 7 in Axes
  5543 | D:6      | Found a shimmering blue altar of Sif Muna.
  5544 | D:6      | Found a stormy altar of Qazlal.
  5616 | D:6      | Reached ***** piety under Trog
  5616 | D:6      | Received a gift from Trog
  6166 | D:7      | Found a white marble altar of Elyvilon.
  6166 | D:7      | Found a hide-covered altar of Uskayaw.
  6328 | D:8      | Reached XP level 10. HP: 60/63 MP: 10/10
  6349 | D:8      | Found Oplas's Jewellery Emporium.
  6367 | D:8      | Reached skill level 8 in Axes
  6457 | D:8      | Found Foh Kibit's Assorted Antiques.
  6463 | D:8      | Found Vore's Gadget Shoppe.
  6471 | D:8      | Bought a vibrating iron ring for 105 gold pieces
  6471 | D:8      | Bought a scroll of identify for 42 gold pieces
  6471 | D:8      | Identified the ring "Pyra" {Wiz rC+ Int+5} (You bought it
                  | in a shop on level 8 of the Dungeon)
  6479 | D:8      | Found a bloodstained altar of Trog.
  6484 | D:8      | Noticed Pikel
  6505 | D:8      | Killed Pikel
  6695 | D:8      | Found a bloodstained altar of Trog.
  7221 | D:8      | Found a bloodstained altar of Trog.
  7304 | D:9      | Found a radiant altar of Vehumet.
  7396 | D:9      | Noticed a green death
  7397 | D:9      | Found a burning altar of Makhleb.
  7400 | D:9      | Found a glowing silver altar of Zin.
  7400 | D:9      | Noticed an angel
  7971 | D:9      | Found a basalt altar of Yredelemnul.
  7972 | D:9      | Found a shimmering altar of Xom.
  7972 | D:9      | Found a sacrificial altar of Ru.
  8083 | D:10     | Entered Level 10 of the Dungeon
  8093 | D:10     | Reached skill level 9 in Axes
  8098 | D:10     | Received a gift from Trog
  8345 | D:10     | Killed an unseen horror
  8345 | D:10     | Reached XP level 11. HP: 68/68 MP: 11/11
  8347 | D:10     | Noticed a two-headed ogre
  8356 | D:10     | Killed a two-headed ogre
  8513 | D:10     | Noticed an oklob plant
  8885 | D:10     | Found a staircase to the Lair.
  8911 | D:10     | Noticed Urug
  8929 | D:10     | Killed Urug
  9197 | D:10     | Noticed Erica
  9204 | D:10     | Killed Erica
  9263 | D:10     | Found a runed translucent gate.
  9263 | D:10     | Found a runed translucent gate.
  9263 | D:10     | Found a runed translucent gate.
  9264 | D:10     | Noticed an 11-headed hydra
  9264 | D:10     | Noticed night's ghost (journeyman TrFi)
  9299 | D:10     | Noticed Fannar
  9313 | D:10     | Killed Fannar
  9396 | D:10     | Killed an oklob plant
  9396 | D:10     | Reached skill level 10 in Axes
  9692 | D:11     | Noticed a six-headed hydra
  9705 | D:11     | Killed a six-headed hydra
  9755 | D:11     | Found Dearphil's Weapon Boutique.
  9959 | D:11     | Received a gift from Trog
 10211 | D:12     | Found a staircase to the Orcish Mines.
 10281 | D:12     | Reached XP level 12. HP: 52/76 MP: 12/12
 10599 | D:12     | Found Geuth's Magic Scroll Shoppe.
 10627 | D:12     | Bought a scroll of identify for 22 gold pieces
 10627 | D:12     | Bought a scroll of identify for 22 gold pieces
 10627 | D:12     | Bought a scroll of identify for 22 gold pieces
 10630 | D:12     | Bought a scroll of remove curse for 33 gold pieces
 10817 | D:12     | Noticed Rupert
 10837 | D:12     | Killed Rupert
 11034 | D:12     | Reached skill level 10 in Dodging
 11168 | D:13     | Noticed a centaur warrior
 11175 | D:13     | Reached skill level 11 in Axes
 11182 | D:13     | Killed a centaur warrior
 11237 | D:13     | Noticed a centaur warrior
 11257 | D:13     | Killed a centaur warrior
 11434 | D:13     | Noticed a centaur warrior
 11443 | D:13     | Killed a centaur warrior
 11443 | D:13     | Reached skill level 10 in Fighting
 11834 | D:13     | Reached XP level 13. HP: 48/82 MP: 13/13
 12463 | D:14     | Received a gift from Trog
 12463 | D:14     | Reached skill level 10 in Armour
 12524 | D:14     | Noticed a yaktaur captain
 12544 | D:14     | Killed a yaktaur captain
 12544 | D:14     | Reached skill level 12 in Axes
 12808 | D:14     | Found a gate to the Vaults.
 13873 | D:15     | Entered Level 15 of the Dungeon
 14215 | D:15     | Identified the cursed +2 war axe of Mastery {flame, rF-
                  | MR++}
 14252 | D:15     | Got an ichor-stained leather armour
 14263 | D:15     | Identified the +3 leather armour "Luafuano" {+Inv MR+} (You
                  | found it on level 15 of the Dungeon)
 14604 | D:15     | Found a staircase to the Depths.
 14604 | D:15     | Noticed a dire elephant
 14921 | D:15     | Killed a dire elephant
 15123 | D:15     | Gained mutation: Your large and strong wings let you fly
                  | indefinitely. [Gargoyle growth]
 15123 | D:15     | Reached XP level 14. HP: 90/90 MP: 14/14
 15515 | D:10     | Killed night's ghost
 15785 | Lair:1   | Entered Level 1 of the Lair of Beasts
 15942 | Lair:1   | Received a gift from Trog
 16055 | Lair:1   | Reached skill level 13 in Axes
 17854 | Lair:3   | Identified a scroll of acquirement
 18438 | Lair:4   | Found a staircase to the Snake Pit.
 18720 | Lair:4   | Found a staircase to the Swamp.
 18953 | Lair:4   | Received a gift from Trog
 19345 | Lair:4   | Got an iridescent short sword
 19349 | Lair:4   | Identified the +2 short sword of Teteuq {pain, Str+6 Dex-4}
                  | (You found it on level 4 of the Lair of Beasts)
 19494 | Lair:4   | Found a runed translucent gate.
 19495 | Lair:4   | Found a runed translucent gate.
 19495 | Lair:4   | Found a runed translucent gate.
 19496 | Lair:4   | Noticed Rooheesk's ghost (journeyman DDGl)
 19616 | Lair:4   | Killed Rooheesk's ghost
 19905 | Lair:5   | Found a frozen archway.
 19932 | IceCv    | Entered an ice cave
 20516 | Lair:5   | Found a staircase to the Slime Pits.
 21215 | Lair:6   | Entered Level 6 of the Lair of Beasts
 21243 | Lair:6   | Received a gift from Trog
 21243 | Lair:6   | Reached XP level 15. HP: 63/96 MP: 15/15
 21575 | Lair:6   | Reached skill level 14 in Axes
 23140 | Orc:1    | Entered Level 1 of the Orcish Mines
 23141 | Orc:1    | Received a gift from Trog
 23309 | Orc:2    | Entered Level 2 of the Orcish Mines
 23580 | Orc:1    | Noticed Jorgrun
 23595 | Orc:1    | Killed Jorgrun
 23732 | Orc:1    | Found a shimmering altar of Xom.
 23985 | Orc:2    | Found a roughly hewn altar of Beogh.
 24158 | Orc:2    | Noticed Maurice
 24181 | Orc:2    | Killed Maurice
 24187 | Orc:2    | Received a gift from Trog
 24204 | Orc:2    | Reached XP level 16. HP: 11/103 MP: 16/16
 24209 | Orc:2    | Mangled by a two-headed ogre

Levels and vault maps discovered:
D:1:      nzn_arrival_crosshair, layout_loops_ring, st_stairs_1
D:2:      layout_basic, first_ration, led_sif_pool
D:3:      layout_rooms, uniq_sigmund, uniq_terence
D:4:      layout_rooms, lightli_sewer_entry_pipes, serial_bayou_pond_d
D:5:      layout_cave_pods, grunt_temple_overflow_opulence, temple_green
D:6:      layout_rooms, gammafunk_temple_overflow_pools
D:7:      layout_basic, minitemple, enter_ossuary_4
D:8:      layout_basic, kennysheep_mini, basic_altar, serial_shops, shop,
          nicolae_shop_waterfront, kennysheep_mini_moat, bloody_trog, uniq_pikel
D:9:      layout_gridville, grunt_temple_overflow_order_and_chaos_2,
          nicolae_overflow_crystal_walls, gammafunk_temple_overflow_claw
D:10:     layout_cave_pools, dpeg_oklobed_lair, gammafunk_ghost_hydra_chop,
          hangedman_fish_farm, grunt_ministairs_3, minmay_alternating_orb,
          uniq_erica, uniq_fannar, uniq_urug
D:11:     layout_rooms, serial_shops, shop, serial_bayou_pond_d
D:12:     layout_gridville, orc_0_dummy, serial_shops,
          nicolae_shop_temple_entry_statues_fountains, uniq_rupert
D:13:     layout_cave_pools, kennysheep_flooded_box
D:14:     layout_cave_pods, david_vaults_2, nicolae_two_hexagons
D:15:     hangedman_depths_entry_try_elsewhere_first, layout_basic, minivault_4,
          minmay_gold_behind_fungi
Lair:1:   lemuel_ratsnest, layout_small_grid
Lair:2:   layout_roguey, lemuel_fruit_tree
Lair:3:   layout_cave_pods, worms_lemuel
Lair:4:   layout_roguey, minmay_swamp_entry_worms, guppyfry_snake_entry_island,
          ebering_ghost_rock_garden, hangedman_lair_generics_rect,
          infiniplex_staircase_pool_2
Lair:5:   layout_gridlike, slime_dummy, portal_ice_cave_entry_imps,
          bh_autumn_forest_stairs
Lair:6:   guppyfry_lair_end_dragon, layout_gridlike, serial_bayou_lagoon_b
Orc:1:    layout_caves, basic_altar, uniq_jorgrun
Orc:2:    st_orc_ogre_mass, layout_caves, basic_altar, serial_shops, shop,
          uniq_maurice

Skill      XL: |  1  2  3  4  5  6  7  8  9 10 11 12 13 14 15 |
---------------+----------------------------------------------+-----
Axes           | 3 4 5 6 7 9 10 11 12 13 14 | 14.7
Dodging        | 2 3 4 5 6 8 9 10 11 12 13 | 13.6
Armour         | 3 4 5 6 7 8 9 10 11 12 | 12.6
Fighting       | 4 5 7 8 9 10 11 12 | 12.8

Action                   |  1- 3 |  4- 6 |  7- 9 | 10-12 | 13-15 | 16-18 || total
-------------------------+-------+-------+-------+-------+-------+-------++-------
Melee: Hand axe          |    99 |   194 |   597 |   224 |     4 |       ||  1118
       Battleaxe         |       |       |    51 |   295 |   860 |       ||  1206
       Flail             |       |       |       |    10 |    66 |       ||    76
       Executioner's axe |       |       |       |       |    89 |     5 ||    94
Throw: Throwing net      |       |       |       |     1 |     1 |       ||     2
Invok: Trog's Hand       |       |     4 |     2 |     3 |     5 |       ||    14
       Berserk           |       |     1 |     7 |     8 |    16 |       ||    32
       Brothers in Arms  |       |       |       |     1 |       |       ||     1
 Abil: Fly               |       |       |       |       |     1 |       ||     1
Evoke: Wand              |       |       |       |     3 |     2 |       ||     5
  Use: Scroll            |     3 |     2 |     7 |    13 |    11 |       ||    36
       Potion            |       |       |       |     1 |       |       ||     1
 Stab: Held in net/web   |       |       |       |     1 |       |       ||     1
       Distracted        |       |       |       |       |     1 |       ||     1
  Eat: Chunk             |     1 |     6 |    21 |    23 |    51 |       ||   102
       Ration            |       |       |       |     1 |     3 |       ||     4
Armor: Animal skin       |    21 |       |       |       |       |       ||    21
       Ring mail         |    23 |    98 |   276 |   111 |       |       ||   508
       Scale mail        |       |       |       |   162 |   615 |     3 ||   780
Dodge: Dodged            |    78 |   122 |   450 |   506 |   986 |     7 ||  2149

Table legend:
 A = Non-vault XP
 B = Vault XP
 C = Vault XP percentage of total XP
 D = Non-vault monster count
 E = Vault monster count
 F = Vault count percentage of total count
                 A         B        C        D         E       F
            +---------+---------+-------+---------+---------+-------
      Total |   80042 |   48996 |  38.0 |     527 |     217 |  29.2
            +---------+---------+-------+---------+---------+-------
        D:1 |      26 |       1 |   3.7 |      13 |       1 |   7.1
        D:2 |      50 |       0 |   0.0 |      17 |       0 |   0.0
        D:3 |      52 |     256 |  83.1 |      14 |       2 |  12.5
        D:4 |     504 |      66 |  11.6 |      23 |       8 |  25.8
        D:5 |    1026 |       0 |   0.0 |      29 |       0 |   0.0
        D:6 |    1213 |       0 |   0.0 |      31 |       0 |   0.0
        D:7 |     475 |       2 |   0.4 |      12 |       2 |  14.3
        D:8 |    1593 |     593 |  27.1 |      27 |       1 |   3.6
        D:9 |    1896 |       0 |   0.0 |      34 |       0 |   0.0
       D:10 |     885 |    7916 |  89.9 |      20 |      18 |  47.4
       D:11 |    3237 |       0 |   0.0 |      33 |       0 |   0.0
       D:12 |    2710 |    3097 |  53.3 |      18 |       1 |   5.3
       D:13 |    9303 |       0 |   0.0 |      40 |       0 |   0.0
       D:14 |    6040 |    1738 |  22.3 |      30 |       3 |   9.1
       D:15 |   12061 |    2086 |  14.7 |      30 |       3 |   9.1
     Lair:1 |    3356 |     481 |  12.5 |      14 |      40 |  74.1
     Lair:2 |    2192 |       0 |   0.0 |      11 |       0 |   0.0
     Lair:3 |    3096 |     818 |  20.9 |      16 |       4 |  20.0
     Lair:4 |    4670 |    4411 |  48.6 |      18 |      12 |  40.0
     Lair:5 |    4292 |     109 |   2.5 |      14 |      12 |  46.2
     Lair:6 |   17530 |    4243 |  19.5 |      40 |      17 |  29.8
      Orc:1 |    2977 |    2749 |  48.0 |      36 |       1 |   2.7
      Orc:2 |     858 |   14585 |  94.4 |       7 |      32 |  82.1
      Sewer |       0 |     128 | 100.0 |       0 |      13 | 100.0
    Ossuary |       0 |     252 | 100.0 |       0 |      27 | 100.0
      IceCv |       0 |    5465 | 100.0 |       0 |      20 | 100.0
            +---------+---------+-------+---------+---------+-------
